[ AOE2 MATCH · #513670360 ]
UnrankedPersians vs Civ #61
Player's team · LOSS
Rival team · WIN
[ REPLAY ANALYSIS · EXTRACTED FROM THE RECORDED GAME ]
Feudal
—
Castle
—
Imperial
—
| APM avg | 21.3 |
| APM peak | 45 |
| eAPM avg | 8.9 |
| Villagers / military | 12 / 0 |
Focus
⚔️ 13.9% · 🌾 86.1%
Feudal
—
Castle
—
Imperial
—
| APM avg | 20.1 |
| APM peak | 42 |
| eAPM avg | 10.9 |
| Villagers / military | 18 / 0 |
Focus
⚔️ 4.8% · 🌾 95.2%
Match map
Initial resources + every placement click. Lines = walls · curves = elevation contours. ◆ gold · ⬟ stone · ● berries · ✦ relic · ◌ wall gap
Your base
Fänncy's base
Smoothed initial terrain · ◌ = detected wall gap · hover for details
Inputs per minute
— MITOELMEJOR - - Fänncy
Build order — MITOELMEJOR
17 actions detected in the replay
| 0:03 | Build | House |
| 0:04 | Build | House |
| 0:06 | Build | House |
| 0:06 | Queue | Villager (Male) |
| 0:07 | Queue | Villager (Male) |
| 0:07 | Queue | Villager (Male) |
| 0:07 | Queue | Villager (Male) |
| 0:07 | Queue | Villager (Male) |
| 2:05 | Queue | Villager (Male) |
| 2:05 | Queue | Villager (Male) |
| 2:50 | Queue | Villager (Male) |
| 2:50 | Queue | Villager (Male) |
| 3:25 | Queue | Villager (Male) |
| 3:25 | Queue | Villager (Male) |
| 4:08 | Research | Loom |
| 4:38 | Queue | Villager (Male) |
| 5:50 | Build | Town Center |
Build order — Fänncy
23 actions detected in the replay
| 0:02 | Queue | Villager (Male) |
| 0:02 | Queue | Villager (Male) |
| 0:04 | Build | House |
| 0:06 | Build | House |
| 0:30 | Queue | Villager (Male) |
| 0:30 | Queue | Villager (Male) |
| 0:30 | Queue | Villager (Male) |
| 1:35 | Queue | Villager (Male) |
| 1:59 | Build | Lumber Camp |
| 2:02 | Queue | Villager (Male) |
| 2:43 | Queue | Villager (Male) |
| 2:44 | Queue | Villager (Male) |
| 3:02 | Queue | Villager (Male) |
| 3:21 | Build | House |
| 3:30 | Queue | Villager (Male) |
| 3:40 | Queue | Villager (Male) |
| 4:25 | Queue | Villager (Male) |
| 4:57 | Queue | Villager (Male) |
| 5:05 | Queue | Villager (Male) |
| 5:41 | Queue | Villager (Male) |
| 5:52 | Queue | Villager (Male) |
| 6:06 | Build | Mill |
| 6:25 | Queue | Villager (Male) |
Match timeline
| 6:43 | MITOELMEJOR · resign |
[ AI ANALYSIS · 1 CREDIT ]
What really happened in this match?
Wolo.gg analyzes every decision: build order, eco, micro, common mistakes by bracket. Personalized analysis on WhatsApp or Discord in 30 seconds.
Civ guide
Persians
Perfil
Jugador #23999929